 Dungeon Crawl Stone Soup version 0.17-a0-2098-gf59d6bc (webtiles) character file.

6569 4thArraOfDagon the Cleaver (level 11, -19/58 HPs)
             Began as a Vine Stalker Berserker on Oct 17, 2015.
             Was a Priest of Trog.
             Shot with a poisoned arrow by Nessos (23 damage)
             ... on level 4 of the Orcish Mines.
             The game lasted 00:15:59 (2605 turns).

4thArraOfDagon the Cleaver (Vine Stalker Berserker) Turns: 2605, Time: 00:16:00

Health: -19/58     AC: 17    Str: 18    XL:     11   Next: 1%
Magic:  0/18       EV: 11    Int:  8    God:    Trog [***...]
Gold:   312        SH:  0    Dex: 16    Spells: 0 memorised, 10 levels left

rFire  + . .     SeeInvis .     H - +2 hand axe (vamp)
rCold  . . .     Clarity  .     D - +3 chain mail
rNeg   . . .     SustAt   .     (no shield)
rPois  .         Gourm    +     K - +0 Maxwell's etheric cage {RegenMP *Contam rElec MP+4}
rElec  +         Spirit   +     I - +2 cloak
rCorr  .         Warding  .     (no gloves)
rMut   .         Stasis   .     (no boots)
MR     +++..                    d - amulet of the gourmand
Stlth  ..........               y - +1 ring of evasion
                                l - ring of protection from fire

@: lethally poisoned (-19 -> -19), exhausted, very slightly contaminated,
regenerating, slowed, very slow, extremely resistant to hostile enchantments,
extremely unstealthy
A: fangs 3, mutation resistance 1, regeneration 2, weak 1, wild magic 1, magic
shield, antimagic bite, no device heal 3, rot immunity
a: Burn Spellbooks, Berserk, Trog's Hand, Renounce Religion


You were on level 4 of the Orcish Mines.
You worshipped Trog.
Trog was most pleased with you.
You were very full.

You visited 2 branches of the dungeon, and saw 13 of its levels.
You also visited: Ossuary and Bailey.

You collected 955 gold pieces.
You spent 643 gold pieces at shops.

Inventory:

Hand Weapons
 x - a +1 hand axe of chopping
 G - a +0 battleaxe
 H - a +2 vampiric hand axe (weapon)
Armour
 D - a +3 chain mail (worn)
 I - a +2 cloak (worn)
 K - the +0 Maxwell's etheric cage (worn) {RegenMP *Contam rElec MP+4}
   (You bought it in a shop on level 1 of the Orcish Mines)

   It insulates you from electricity.
   It affects your magic capacity (+4).
   It causes magical contamination when unequipped.
Jewellery
 d - an amulet of the gourmand (around neck)
 l - a ring of protection from fire (left hand)
 y - a +1 ring of evasion (right hand)
Wands
 v - a wand of slowing (23)
 F - a wand of slowing (18)
Scrolls
 a - a scroll of remove curse
 b - a scroll of random uselessness {unknown}
 f - 2 scrolls of recharging {unknown}
 j - 3 scrolls of identify {unknown}
 k - a scroll of immolation {unknown}
 n - 3 scrolls of fog {unknown}
 o - a scroll of holy word {unknown}
 w - 2 scrolls of amnesia {unknown}
 C - a scroll of enchant weapon {unknown}
Potions
 e - 3 potions of degeneration {unknown}
 g - 2 potions of brilliance {unknown}
 h - a potion of cure mutation {unknown}
 i - 2 potions of mutation {unknown}
 p - a potion of flight {unknown}
 q - 2 potions of haste {unknown}
 r - a potion of curing {unknown}
 s - 2 potions of magic {unknown}
 t - 2 potions of resistance {unknown}
 u - 2 potions of lignification {unknown}
 z - a potion of berserk rage {unknown}
 A - a potion of heal wounds {unknown}
 B - a potion of agility {unknown}
Comestibles
 c - a bread ration
 m - a chunk of flesh
 E - a beef jerky


   Skills:
 + Level 6.9 Fighting
 * Level 9.7 Axes
 + Level 6.2 Armour
 + Level 5.9 Dodging
 + Level 3.8 Evocations


You had 10 spell levels left.
You didn't know any spells.

Dungeon Overview and Level Annotations

Branches:
Dungeon (9/15)                Orc (4/4) D:9             Elf (0/3) Orc:3
 Temple: D:4-7         Lair: D:8-11

Altars:
Cheibriados
Beogh

Shops:
D:4 *   D:7 *   D:8 *   Orc:1 [

Annotations:
D:1 1 exclusion
Orc:4 Nessos; Typee's ghost, journeyman OpEn


Innate Abilities, Weirdness & Mutations

You have razor-sharp teeth.
You heal very quickly.
When hurt, damage is shared between your health and your magic reserves.
Your bite disrupts and absorbs the magic of your enemies.
Potions and wands cannot restore your health.
You are immune to rotting.
You are somewhat resistant to further mutation.
You are weak. (Str -2)
Your spells are a little harder to cast, but a little more powerful.


Message History

Nessos wields an uncursed longbow of flaming.
It bursts into flame!
Nessos shoots a poisoned arrow.
The poisoned arrow hits your polar bear!!
The poisoned arrow burns your polar bear.
Unknown command.
Unknown command.
Unknown command.
Unknown command.
Drink which item? (? for menu, Esc to quit)
Okay, then.
Use which ability?
Your skin crawls.
You feel resistant to hostile enchantments.
You feel slightly less full.
You feel sick.
Nessos shoots a poisoned arrow.
The poisoned arrow hits your polar bear!
The poisoned arrow burns your polar bear!
Your polar bear dies!
Your polar bear's corpse disappears in a puff of smoke!
Nessos shoots a poisoned arrow.
The poisoned arrow hits you!!
You die...

### ###########
##.#####.....#...#
##...#.#....)......
#####...........)......
#.....@................
.........ยง....).........
.#.........c............
...........(............
.#.#.......(............
##.....................
#.....................
.......................
.......................


You could see Nessos.

Vanquished Creatures
  Gastronok (D:8)
  Maud (Orc:4)
  An orc knight (Orc:2)
  A troll (Orc:4)
  A two-headed ogre (Orc:4)
  4 wargs
  A sky beast (Orc:1)
  6 orc warriors
  5 ogres (Orc:2)
  A phantom (Orc:1)
  5 water moccasin zombies (Ossuary)
  A water moccasin skeleton (D:8)
  A crimson imp (D:8)
  2 hounds
  10 orc wizards
  11 orc priests
  An iguana (D:8)
  2 worker ants
  3 big kobold zombies (Ossuary)
  2 mummies (Ossuary)
  2 adders
  A gnoll (D:8)
  6 adder zombies (Ossuary)
  67 orcs
  5 goblins
  9 hobgoblins
  4 kobolds
  2 quokkas
  A ball python (D:3)
  A giant newt (D:1)
  4 hobgoblin zombies (Ossuary)
  4 kobold zombies (Ossuary)
  6 orc zombies (Ossuary)
  A quokka skeleton (D:7)
173 creatures vanquished.

Vanquished Creatures (collateral kills)
  An orc (Orc:4)
1 creature vanquished.

Grand Total: 174 creatures vanquished

Notes
Turn   | Place    | Note
--------------------------------------------------------------
     0 | D:1      | 4thArraOfDagon the Vine Stalker Berserker began the quest for the Orb.
     0 | D:1      | Reached XP level 1. HP: 11/11 MP: 2/2
   207 | D:2      | Reached XP level 2. HP: 16/16 MP: 3/3
   243 | D:2      | Reached skill level 3 in Axes
   305 | D:4      | Reached XP level 3. HP: 19/19 MP: 4/4
   387 | D:4      | Reached XP level 4. HP: 24/24 MP: 5/5
   435 | D:4      | Found Remnol's Elemental Accessories.
   474 | D:5      | Entered Level 5 of the Dungeon
   487 | D:5      | Found a sand-covered staircase.
   492 | Ossuary  | Entered an ossuary
   522 | Ossuary  | Reached XP level 5. HP: 19/28 MP: 6/6
   586 | Ossuary  | Reached skill level 4 in Axes
   602 | Ossuary  | Gained mutation: You heal very quickly. [Vine Stalker growth]
   602 | Ossuary  | Reached XP level 6. HP: 17/32 MP: 7/7
   706 | Ossuary  | Reached XP level 7. HP: 37/37 MP: 8/8
   731 | Ossuary  | Reached skill level 5 in Axes
   969 | D:7      | Found Izoanaig's Assorted Antiques.
   984 | D:7      | Bought a purple potion for 26 gold pieces
   984 | D:7      | Bought a pink potion for 26 gold pieces
   984 | D:7      | Bought a coppery potion for 26 gold pieces
   984 | D:7      | Bought a red potion for 26 gold pieces
   984 | D:7      | Bought a scroll labeled CIVAOCZASCH for 29 gold pieces
  1012 | D:8      | Found Yblum's Assorted Antiques.
  1046 | D:8      | Reached ** piety under Trog
  1146 | D:8      | Noticed Gastronok
  1164 | D:8      | Killed Gastronok
  1164 | D:8      | Reached skill level 5 in Fighting
  1164 | D:8      | Reached skill level 7 in Axes
  1164 | D:8      | Gained mutation: You have razor-sharp teeth. [Vine Stalker growth]
  1164 | D:8      | Reached XP level 8. HP: 35/44 MP: 9/9
  1164 | D:8      | Reached XP level 9. HP: 37/47 MP: 10/10
  1218 | D:8      | Found a snail-covered altar of Cheibriados.
  1312 | D:9      | Found a staircase to the Orcish Mines.
  1323 | Orc:1    | Entered Level 1 of the Orcish Mines
  1338 | Orc:1    | Reached skill level 5 in Armour
  1357 | Orc:1    | Reached skill level 8 in Axes
  1358 | Orc:1    | Gained mutation: You are weak. (Str -2) [mutagenic meat]
  1359 | Orc:1    | Gained mutation: Your spells are a little harder to cast, but a little more powerful. [mutagenic meat]
  1360 | Orc:1    | Gained mutation: You are somewhat resistant to further mutation. [mutagenic meat]
  1429 | Orc:1    | Found Gyletuh's Antique Armour Boutique.
  1438 | Orc:1    | Bought a runed cloak for 85 gold pieces
  1517 | Orc:2    | Reached *** piety under Trog
  1517 | Orc:2    | Reached skill level 1 in Evocations
  1519 | Orc:2    | Reached skill level 5 in Dodging
  1599 | Orc:2    | Found a flagged portal.
  1646 | Bailey   | Entered a bailey
  1651 | Bailey   | Noticed brucemayne's ghost (novice HOBe)
  1651 | Bailey   | :(
  1655 | Orc:2    | :(
  1655 | Orc:2    | wasted
  1685 | Orc:2    | Reached XP level 10. HP: 53/53 MP: 12/12
  1735 | Orc:2    | Reached **** piety under Trog
  1867 | Orc:2    | Noticed an orc knight
  1898 | Orc:2    | Killed an orc knight
  2169 | Orc:1    | Bought a polished helmet for 180 gold pieces
  2179 | Orc:1    | Identified the +0 helmet "Zanwucra" {Int+6} (You bought it in a shop on level 1 of the Orcish Mines)
  2179 | Orc:1    | Bought the +0 Maxwell's etheric cage {RegenMP *Contam rElec MP+4} for 245 gold pieces
  2246 | Orc:3    | Found a roughly hewn altar of Beogh.
  2288 | Orc:4    | Entered Level 4 of the Orcish Mines
  2288 | Orc:4    | Noticed Maud
  2288 | Orc:4    | Noticed Typee's ghost (journeyman OpEn)
  2303 | Orc:4    | Killed Maud
  2303 | Orc:4    | Reached skill level 9 in Axes
  2365 | Orc:3    | Found a staircase to the Elven Halls.
  2386 | Orc:4    | Received a gift from Trog
  2568 | Orc:4    | Reached XP level 11. HP: 48/58 MP: 14/14
  2591 | Orc:4    | Noticed Nessos
  2592 | Orc:4    | RIP
  2605 | Orc:4    | Shot with a poisoned arrow by Nessos

Vault maps used:
D:1:      roderic_crop_circles_arrival_small
D:2:      grunt_temple_overflow_open, grunt_ministairs_7, feat_on_display
D:3:      roderic_batcave, uniq_jessica
D:4:      nicolae_elemental_shop
D:5:      lemuel_castle_with_subvaults, first_bread, enter_ossuary_2,
          uniq_edmund
D:6:      temple_green
D:7:      statuecave_lemuel, serial_shops, shop, the_bakery, corner_web_ring,
          uniq_prince_ribbit1
D:8:      yredelemnul_altar_generic, cheibriados_altar_wand_db, basic_altar,
          serial_shops, nicolae_shop_trees, nicolae_shop_behind_doors,
          nicolae_dithmenos_the_darkroom, uniq_erica, uniq_gastronok,
          uniq_maurice
D:9:      erik_lair_orcish_takeover, serial_glass, glass_columns_b,
          glass_columns_b, abandoned_shop, grunt_ministairs_3,
          serial_bayou_pond_c, interstate_on_off
Orc:1:    serial_shops, shop, uniq_urug
Orc:2:    cheibrodos_orc_bank, enter_bailey_5, mines4_lemuel
Orc:3:    nicolae_orc_pool_cavern, mines2_david
Orc:4:    st_orc_town, uniq_maud, uniq_nessos
Ossuary:  ossuary_tomb_2
Bailey:   bailey_axe_minmay_hex_keep, bailey

Action                   |  1- 3 |  4- 6 |  7- 9 | 10-12 || total
-------------------------+-------+-------+-------+-------++-------
Melee: Hand axe          |    52 |   137 |   133 |   191 ||   513
Invok: Berserk           |     2 |     1 |     5 |     6 ||    14
       Burn Spellbooks   |       |       |     1 |       ||     1
       Trog's Hand       |       |       |       |     4 ||     4
       Brothers in Arms  |       |       |       |     3 ||     3
  Use: Scroll            |       |       |     1 |       ||     1
  Eat: Beef jerky        |       |     1 |       |       ||     1
       Bread ration      |       |     1 |       |       ||     1
       Chunk             |       |       |    20 |    15 ||    35
